 Dungeon Crawl Stone Soup version 0.21-a0-440-g28109cb (webtiles) character file.

1309 Duskembrace the Purveyor of Pain (level 8, -2/52 HPs)
             Began as a Vampire Necromancer on Nov 10, 2017.
             Was an Initiate of Kikubaaqudgha.
             Slain by a wight
             ... wielding a cursed +4 short sword
              (7 damage)
             ... on level 6 of the Dungeon.
             The game lasted 00:20:37 (7517 turns).

Duskembrace the Purveyor of Pain (VpNe)             Turns: 7517, Time: 00:20:38

Health: -2/52      AC:  4    Str:  7    XL:     8   Next: 32%
Magic:  21/24      EV: 18    Int: 21    God:    Kikubaaqudgha [......]
Gold:   179        SH:  0    Dex: 15    Spells: 5/17 levels left

rFire    . . .     SeeInvis +   D - +3 short sword "Dysy" {pierce, Int+2}
rCold    + . .     Gourm    .   (no shield)
rNeg     + + .     Faith    .   a - +0 robe
rPois    +         Spirit   .   (no helmet)
rElec    .         Reflect  .   (no cloak)
rCorr    .         Harm     .   G - +1 pair of gloves
MR       .....                  (no boots)
Stlth    ++++......             (no amulet)
HPRegen  0.08/turn              n - +5 ring of evasion
MPRegen  0.19/turn              o - ring of magical power

@: regenerating slowly
A: fangs 3, see invisible, unbreathing
a: Bat Form, Renounce Religion


You were on level 6 of the Dungeon.
You worshipped Kikubaaqudgha.
Kikubaaqudgha was noncommittal.
You were very thirsty.

You visited 2 branches of the dungeon, and saw 7 of its levels.

You collected 179 gold pieces.

Inventory:

Hand Weapons
 r - a +0 dagger
 t - a +1 dagger of venom
 D - the +3 short sword "Dysy" (weapon) {pierce, Int+2}
   (You found it on level 5 of the Dungeon)

   It inflicts extra damage upon your enemies.
   It affects your intelligence (+2).
Armour
 a - a +0 robe (worn)
 v - a +0 buckler
 A - the +2 ring mail "Suxzuh" {+Blink Dex+5 Slay+4, unknown}
   (You found it on level 4 of the Dungeon)

   It affects your dexterity (+5).
   It affects your accuracy and damage with ranged weapons and melee attacks
   (+4).
   It lets you blink.
 G - a +1 pair of gloves (worn)
Jewellery
 e - an uncursed amulet of rage
 n - a +5 ring of evasion (left hand)
 o - a ring of magical power (right hand)
 u - an uncursed ring of fire
 B - a +5 ring of strength
Wands
 C - a wand of polymorph (14/24)
 I - a wand of confusion (21/48)
Scrolls
 d - 3 scrolls of teleportation {unknown}
 f - 4 scrolls of identify
 g - 4 scrolls of remove curse {unknown}
 i - a scroll of immolation {unknown}
 l - a scroll of fear {unknown}
 p - a scroll of amnesia {unknown}
 q - a scroll of noise {unknown}
 w - 3 scrolls of blinking {unknown}
 y - 2 scrolls of enchant armour {unknown}
 E - a scroll of enchant weapon {unknown}
 F - a scroll of vulnerability {unknown}
 J - 3 scrolls of magic mapping {unknown}
Potions
 c - 5 potions of blood
 h - a potion of brilliance {unknown}
 j - a potion of invisibility {unknown}
 k - 2 potions of curing {unknown}
 m - 2 potions of might {unknown}
 s - a potion of lignification {unknown}
 z - 2 potions of haste {unknown}
 H - 3 potions of flight {unknown}
Books
 b - a book of Necromancy

   Spells                             Type                      Level
   a - Pain                           Necromancy                   1
   b - Animate Skeleton               Necromancy                   1
   c - Vampiric Draining              Necromancy                   3
   d - Regeneration                   Charms/Necromancy            3
   e - Animate Dead                   Necromancy                   4
   f - Control Undead                 Necromancy                   4
 x - a book of Misfortune

   Spells                             Type                      Level
   a - Confusing Touch                Hexes                        1
   b - Confuse                        Hexes                        3
   c - Gell's Gravitas                Translocation                3
   d - Petrify                        Transmutation/Earth          4
   e - Metabolic Englaciation         Hexes/Ice                    5
   f - Yara's Violent Unravelling     Hexes/Transmutation          5


   Skills:
 - Level 4.0 Short Blades
 - Level 2.1 Dodging
 + Level 6.8 Stealth
 + Level 5.2 Spellcasting
 + Level 5.3 Hexes
 + Level 7.3 Necromancy


You had 5 spell levels left.
You knew the following spells:

 Your Spells              Type           Power        Failure   Level  Hunger
a - Pain                  Necr           ####         1%          1    None
b - Animate Skeleton      Necr           N/A          1%          1    None
c - Confuse               Hex            ####....     3%          3    ##.....
d - Regeneration          Chrm/Necr      ###.......   7%          3    ##.....
e - Vampiric Draining     Necr           #####.....   1%          3    ##.....
f - Confusing Touch       Hex            ####..       1%          1    None


Dungeon Overview and Level Annotations

Branches:
Dungeon (6/15)             Temple (1/1) D:5

Altars:
Ashenzari
Cheibriados
Dithmenos
Elyvilon
Gozag
Kikubaaqudgha
Nemelex Xobeh
Okawaru
Qazlal
Ru
Sif Muna
Trog
Vehumet
Xom
Yredelemnul
Zin
The Shining One


Innate Abilities, Weirdness & Mutations

You heal slowly.
You have razor-sharp teeth.
You have supernaturally acute eyesight. (SInv)
You can survive without breathing.


Message History

There is an open door here.
Yummy - fresh blood!
You are feeling very thirsty.
The wight closely misses you.
The wight hits you from afar with a spear.
* * * LOW HITPOINT WARNING * * *
An ogre comes into view. It is wielding a giant spiked club.
Found a fizzy grey potion.
Casting: Confuse
Confirm with . or Enter, or press ? or * to list all spells.
Aiming: Confuse
Press: ? - help, Shift-Dir - straight line, f/p - wight
Aim: a wight, wielding a long sword and wearing a robe (heavily damaged, chance to defeat MR: 56%)
The wight resists with significant effort.
The wight hits you with an enchanted short sword.
* * * LOW HITPOINT WARNING * * *
The wight barely misses you.
The wight hits you with an enchanted short sword!
You die...
Kikubaaqudgha rasps: "You have failed me!
Welcome... oblivion!"

#.....#..#....#..#....#
#.....##+#....#.###'###
##.........#+######..##
#.........'....+......
#.........#....#......
#.........#....#......
###.........##'########'
........#+####...##..#..
!......@#....'.......#..
O......z#z.†.#....().#..
........z....#.......#..
.....)..#....#.......#..
........#....#.......#..
........###+###..#####..
#####.... ##'#######
+.... #......... #....
#.........


You could see an ogre (sleeping) and 2 wights.

Vanquished Creatures
  A hippogriff (D:6)
  Sigmund (D:6)
  Menkaure (D:4)
  A necrophage (D:5)
  2 phantoms
  2 centaurs
  2 scorpions
  An orc wizard (D:5)
  3 worker ants
  8 gnolls
  8 adders
  2 adder skeletons
  A dart slug (D:5)
  A leopard gecko (D:3)
  9 orcs
  3 giant cockroaches
  2 gnoll zombies (D:4)
  7 goblins
  9 hobgoblins
  8 jackals
  2 quokkas (D:6)
  2 ball pythons
  4 bats
  6 frilled lizards
  A jackal skeleton (D:4)
  7 kobolds
  A leopard gecko zombie (D:6)
  6 rats
101 creatures vanquished.

Notes
Turn   | Place    | Note
-------+----------+-------------------------------------------
     0 | D:1      | Duskembrace the Vampire Necromancer began the quest for the Orb.
     0 | D:1      | Reached XP level 1. HP: 13/13 MP: 3/3
   314 | D:1      | Reached XP level 2. HP: 19/19 MP: 3/5
   319 | D:1      | Learned a level 1 spell: Animate Skeleton
  1145 | D:2      | Found an iron altar of Okawaru.
  1165 | D:2      | Reached skill level 5 in Necromancy
  1165 | D:2      | Reached XP level 3. HP: 16/24 MP: 0/7
  1274 | D:2      | Learned a level 3 spell: Vampiric Draining
  1298 | D:2      | Noticed a scorpion
  1316 | D:2      | Killed a scorpion
  1316 | D:2      | Reached XP level 4. HP: 5/30 MP: 2/8
  2561 | D:2      | Learned a level 3 spell: Regeneration
  3313 | D:3      | Reached XP level 5. HP: 35/35 MP: 7/10
  4188 | D:3      | Learned a level 3 spell: Confuse
  4326 | D:4      | Reached skill level 6 in Necromancy
  4472 | D:4      | Noticed Menkaure
  4475 | D:4      | Reached skill level 1 in Short Blades
  4475 | D:4      | Reached skill level 1 in Hexes
  4503 | D:4      | Killed Menkaure
  4503 | D:4      | Reached XP level 6. HP: 28/41 MP: 9/12
  4801 | D:4      | Got an ichor-stained ring mail
  5225 | D:4      | Found a bloodstained altar of Trog.
  5284 | D:4      | Found a basalt altar of Yredelemnul.
  5586 | D:4      | Found Egimekue's Weapon Emporium.
  5689 | D:5      | Entered Level 5 of the Dungeon
  6080 | D:5      | Reached XP level 7. HP: 25/46 MP: 13/13
  6258 | D:5      | Got a twisted short sword
  6263 | D:5      | Identified the +3 short sword "Dysy" {pierce, Int+2} (You found it on level 5 of the Dungeon)
  6324 | D:5      | Reached skill level 5 in Stealth
  6536 | D:5      | Found a sparkling altar of Nemelex Xobeh.
  6664 | D:5      | Found a staircase to the Ecumenical Temple.
  6681 | Temple   | Entered the Ecumenical Temple
  6832 | Temple   | Became a worshipper of Kikubaaqudgha
  6861 | D:5      | Learned a level 1 spell: Confusing Touch
  7290 | D:6      | Noticed a hippogriff
  7299 | D:6      | Killed a hippogriff
  7299 | D:6      | Reached skill level 7 in Necromancy
  7299 | D:6      | Reached XP level 8. HP: 40/52 MP: 15/15
  7341 | D:6      | Reached skill level 5 in Spellcasting
  7395 | D:6      | Noticed Sigmund
  7402 | D:6      | Killed Sigmund
  7402 | D:6      | Reached skill level 5 in Hexes
  7517 | D:6      | Slain by a wight

Vault maps used:
D:1:      nicolae_arrival_somewhat_less_tricky_arrival
D:2:      first_bread, okawaru_metal_pillars_1_2
D:4:      lemuel_zombie_altar_yredelemnul, serial_shops, kennysheep_mini_moat,
          trog_book, uniq_menkaure
D:5:      minmay_temple_entry_statues_pillars, basic_altar
D:6:      uniq_sigmund
Temple:   oiseaux_autumnal_temple

Skill      XL: |  1  2  3  4  5  6  7  8 |
---------------+-------------------------+-----
Necromancy     | 5 6 7 |  7.3
Spellcasting   | 3 4 5 |  5.2
Short Blades   | 1 2 3 4 |  4.0
Hexes          | 2 3 4 5 |  5.3
Stealth        | 4 6 |  6.8
Dodging        | |  2.1

Action                   |  1- 3 |  4- 6 |  7- 9 || total
-------------------------+-------+-------+-------++-------
Melee: Unarmed           |       |     1 |       ||     1
       Dagger            |       |    96 |     1 ||    97
       Bite              |       |     5 |     6 ||    11
       Short sword       |       |       |    78 ||    78
 Cast: Pain              |    36 |    69 |    12 ||   117
       Vampiric Draining |       |     8 |     8 ||    16
       Confuse           |       |    13 |    13 ||    26
       Regeneration      |       |     1 |       ||     1
       Animate Skeleton  |       |       |     3 ||     3
  Use: Scroll            |       |     1 |       ||     1
       Potion            |       |     4 |     2 ||     6
 Stab: Sleeping          |       |     8 |     8 ||    16
       Confused          |       |     3 |     1 ||     4
       Distracted        |       |       |     1 ||     1
  Eat: Corpse            |       |     2 |     1 ||     3
Armor: Robe              |     2 |     4 |     9 ||    15
Dodge: Dodged            |    11 |    81 |    88 ||   180

Table legend:
 A = Spawn XP
 B = Non-spawn XP
 C = Spawn XP percentage of total XP
 D = Spawn monster count
 E = Non-spawn monster count
 F = Spawn count percentage of total count
 G = Total turns spent on level
                    A         B        C        D         E        F      G
               +---------+---------+-------+---------+---------+-------+---------
         Total |       0 |    1871 |   0.0 |       0 |     101 |   0.0 |  7517
               +---------+---------+-------+---------+---------+-------+---------
           D:1 |       0 |      24 |   0.0 |       0 |      17 |   0.0 |  1012
           D:2 |       0 |     170 |   0.0 |       0 |      16 |   0.0 |  2264
           D:3 |       0 |      49 |   0.0 |       0 |      19 |   0.0 |  1011
           D:4 |       0 |     470 |   0.0 |       0 |      17 |   0.0 |  1402
           D:5 |       0 |     528 |   0.0 |       0 |      19 |   0.0 |  1287
           D:6 |       0 |     630 |   0.0 |       0 |      13 |   0.0 |   364
               +---------+---------+-------+---------+---------+-------+---------
